 Dungeon Crawl Stone Soup version 0.19.0-18-g426998a (webtiles) character file.

119 dracos369 the Spear-Bearer (level 5, 0/41 HPs)
             Began as a Merfolk Chaos Knight on Nov 11, 2016.
             Slain by a small abomination (9 damage)
             ... summoned by the capriciousness of Xom
             ... on level 2 of the Dungeon.
             The game lasted 00:09:25 (1386 turns).

dracos369 the Spear-Bearer (Merfolk Chaos Knight)   Turns: 1386, Time: 00:09:25

Health: 0/41       AC:  8    Str: 18    XL:     5   Next: 3%
Magic:  5/5        EV: 12    Int: 11    God:    Xom [..*...]
Gold:   103        SH:  0    Dex: 14    Spells: 2 memorised, 0 levels left

rFire  + . .     SeeInvis .     a - +0 spear (chaos)
rCold  . . .     Gourm    +     b - +2 leather armour
rNeg   . . .     Faith    .     (no shield)
rPois  .         Spirit   .     q - +0 helmet
rElec  .         Reflect  .     o - +0 cloak
rCorr  .         Harm     .     l - +0 pair of gloves
MR     .....                    (no boots)
Stlth  +.........               e - amulet of the gourmand
                                (no ring)
                                i - ring of protection from fire

@: mighty, about to teleport, repel missiles
A: change form in water, swift swim, stealthy swim
a: Renounce Religion


You were on level 2 of the Dungeon.
You worshipped Xom.
You were a toy of Xom.
You were completely stuffed.

You visited 1 branch of the dungeon, and saw 2 of its levels.

You collected 103 gold pieces.

Inventory:

Hand Weapons
 a - a +0 spear of chaos (weapon)
Missiles
 f - 3 exploding tomahawks
 k - 3 javelins (quivered)
Armour
 b - a +2 leather armour (worn)
 l - a +0 pair of gloves (worn)
 o - a +0 cloak (worn)
 q - a +0 helmet (worn)
Jewellery
 e - an amulet of the gourmand (around neck)
 i - a ring of protection from fire (left hand)
Scrolls
 m - a scroll of immolation {unknown}
 n - a scroll of identify {unknown}
Potions
 d - a potion of might
 h - a potion of lignification {unknown}
 r - a potion of beneficial mutation {unknown}
Books
 p - a book of Minor Magic

   Spells                             Type                      Level
   a - Magic Dart                     Conjuration                  1
   b - Blink                          Translocation                2
   c - Call Imp                       Summoning                    2
   d - Repel Missiles                 Charms/Air                   2
   e - Slow                           Hexes                        2
   f - Conjure Flame                  Conjuration/Fire             3
   g - Mephitic Cloud                 Conjuration/Poison/Air       3
Comestibles
 c - 2 bread rations
 j - 12 chunks of flesh


   Skills:
 - Level 3.2 Fighting
 + Level 8.0 Polearms
 - Level 0.6 Armour
 - Level 2.6 Dodging
 + Level 0.0 Spellcasting


You couldn't memorise any spells.
You knew the following spells:

 Your Spells              Type           Power        Failure   Level  Hunger
a - Call Imp              Summ           #.......     67%         2    ###....
u - Repel Missiles        Chrm/Air       #.....       67%         2    ###....


Dungeon Overview and Level Annotations

Branches:
Dungeon (2/15)

Altars:
Nemelex Xobeh
Ru


Message History

The small abomination is lightly damaged.
A frilled lizard comes into view.
You closely miss the small abomination.
The small abomination is lightly damaged.
The small abomination closely misses you.
The small abomination hits you!
It was a potion of might.
You feel very mighty all of a sudden.
The small abomination barely misses you.
The small abomination hits you!
* * * LOW HITPOINT WARNING * * *
As you read the scroll of teleportation, it crumbles to dust.
You feel strangely unstable.
The small abomination barely misses you.
The frilled lizard hisses angrily.
You hit the small abomination.
The small abomination is moderately damaged.
The small abomination hits you!
You die... "It was about time."

#.# #..............).....#
#. #.#
#..#...#...#...#...#.# #.
#.###_...................#
#.
#...#..#...#...#...#...###
##
#..##...................# #
#..###################### #
#..#####.##...##..)...# #
.#....##.###.###x######
#..##.##.###.###@#
##...#......l..x.#
####.######.##### ###
####.##### #........#
#.##(###.# #.##.# #.#
#########.##.###.#####
........#.##.........######


You could see 2 small abominations and a frilled lizard.

Vanquished Creatures
  Robin (D:2)
  A gnoll (D:1)
  2 adders (D:2)
  An ooze (D:1)
  2 dart slugs (D:2)
  A leopard gecko (D:2)
  3 giant cockroaches (D:1)
  18 goblins
  14 hobgoblins
  3 jackals (D:2)
  4 bats
  4 frilled lizards
  6 kobolds
  5 rats
65 creatures vanquished.

Vanquished Creatures (others)
  A goblin (D:2)
1 creature vanquished.

Grand Total: 66 creatures vanquished

Notes
Turn   | Place    | Note
-------+----------+-------------------------------------------
     0 | D:1      | dracos369 the Merfolk Chaos Knight began the quest for the Orb.
     0 | D:1      | Reached XP level 1. HP: 18/18 MP: 1/1
    18 | D:1      | XOM: harmless Tloc miscast
    43 | D:1      | Reached skill level 5 in Polearms
    52 | D:1      | Reached XP level 2. HP: 15/24 MP: 2/2
   111 | D:1      | XOM: potion effect (curing)
   236 | D:1      | Reached XP level 3. HP: 29/29 MP: 3/3
   238 | D:1      | Reached skill level 6 in Polearms
   330 | D:1      | XOM: divination: magic mapping
   413 | D:2      | Found a sparkling altar of Nemelex Xobeh.
   535 | D:2      | XOM: silly message
   730 | D:2      | Reached XP level 4. HP: 35/35 MP: 4/4
   749 | D:2      | Reached skill level 7 in Polearms
   764 | D:2      | Found a sacrificial altar of Ru.
   874 | D:2      | XOM: divination: detect creatures
   913 | D:2      | XOM: harmless Pois miscast
  1001 | D:2      | XOM: mild Air miscast
  1085 | D:2      | XOM: silly message
  1105 | D:2      | Noticed Robin
  1116 | D:2      | XOM: cast spell 'Summon Butterflies'
  1122 | D:2      | XOM: blink monster(s)
  1224 | D:2      | XOM: divination: detect items
  1229 | D:2      | Killed Robin
  1229 | D:2      | Reached skill level 8 in Polearms
  1229 | D:2      | Reached XP level 5. HP: 40/41 MP: 5/5
  1251 | D:2      | Learned a level 2 spell: Repel Missiles
  1262 | D:2      | Learned a level 2 spell: Call Imp
  1291 | D:2      | XOM: harmless Conj miscast
  1379 | D:2      | XOM: medium Summ miscast
  1386 | D:2      | Slain by a small abomination

Skill      XL: |  1  2  3  4 |
---------------+-------------+-----
Polearms       | 5 6 8 |  8.0
Fighting       | |  3.2
Armour         | |  0.6
Dodging        | |  2.6

Action                   |  1- 3 |  4- 6 || total
-------------------------+-------+-------++-------
Melee: Spear             |   103 |   114 ||   217
       Tailslap          |     1 |     2 ||     3
 Cast: Repel Missiles    |       |     1 ||     1
  Use: Scroll            |     3 |     1 ||     4
       Potion            |       |     1 ||     1
 Stab: Petrifying        |     3 |     1 ||     4
       Petrified         |     2 |       ||     2
       Sleeping          |       |     3 ||     3
  Eat: Chunk             |    17 |     2 ||    19
Armor: Leather armour    |    13 |    23 ||    36
       Chain mail        |    20 |       ||    20
Dodge: Dodged            |    14 |    27 ||    41
